 Dungeon Crawl Stone Soup version 0.28.0-43-g3370ac3207 (webtiles) character file.

Game seed: 15368097024886828200

58980 croobank the Severer (level 14, -7/133 HPs)
             Began as a Hill Orc Fighter on Mar 23, 2022.
             Was an Elder of Beogh.
             Shot with an arrow by a naga sharpshooter (11 damage)
             ... on level 1 of the Snake Pit.
             The game lasted 02:04:23 (24099 turns).

croobank the Severer (Hill Orc Fighter)            Turns: 24099, Time: 02:04:23

Health: -7/133     AC: 24    Str: 27    XL:     14   Next: 93%
Magic:  22/25      EV:  8    Int:  8    God:    Beogh [****..]
Gold:   1459       SH:  0    Dex: 10    Spells: 13/13 levels left

rFire   . . .      SeeInvis .   a - +0 battleaxe (venom)
rCold   . . .      Faith    .   (shield currently unavailable)
rNeg    + + +      Spirit   .   r - +1 plate armour {rN+}
rPois   .          Reflect  .   X - +1 helmet
rElec   .          Harm     .   M - +0 cloak
rCorr   +          Rampage  .   j - +2 pair of gloves
Will    +....                   (no boots)
Stlth   ..........              P - amulet of the Skies Above {Drain +Blink rN+++ Regen+ rCorr Str-3}
HPRegen 1.12/turn               C - +4 ring of slaying
MPRegen 0.19/turn               w - +6 ring of strength

@: lethally poisoned (-7 -> -7), slowed, invisible, very slow
A: no striking features
a: Renounce Religion, Evoke Blink, Smiting, Recall Orcish Followers


You were on level 1 of the Snake Pit.
You worshipped Beogh.
Beogh was greatly pleased with you.
You visited 4 branches of the dungeon, and saw 20 of its levels.

You collected 2187 gold pieces.
You spent 728 gold pieces at shops.

Inventory:

Hand Weapons
 a - a +0 battleaxe of venom (weapon)
 b - a +2 hand crossbow of flaming
 h - a +4 quarterstaff of chaos
 s - a +3 scimitar of chaos
 G - a +0 antimagic war axe
 N - a +4 great sword of draining
 T - a +1 double sword of holy wrath
 W - a +2 scimitar of flaming
 Y - a +3 whip of holy wrath
Missiles
 e - 119 sling bullets
 k - 17 poisoned darts
 o - 139 bolts
 p - 343 arrows
 t - 9 javelins
 F - 3 curare-tipped darts
 S - 4 atropa-tipped darts (quivered)
Armour
 j - a +2 pair of gloves (worn)
 q - a +2 plate armour
 r - a +1 plate armour of positive energy (worn)
 M - a +0 cloak (worn)
 X - a +1 helmet (worn)
Jewellery
 c - an amulet of magic regeneration
 g - a ring of willpower
 w - a +6 ring of strength (right hand)
 z - a +6 ring of intelligence
 A - a ring of ice
 C - a +4 ring of slaying (left hand)
 P - the amulet of the Skies Above (around neck) {Drain +Blink rN+++ Regen+ rCorr Str-3}
   (You took it off Sonja on level 1 of the Lair of Beasts)

   [amulet of regeneration]

   Str:       It affects your strength (-3).
   rN:        It renders you almost immune to negative energy.
   +Blink:    It lets you blink.
   Regen:     It increases your rate of health regeneration.
   rCorr:     It protects you from acid and corrosion.
   Drain:     It drains your maximum health when unequipped.
Wands
 x - a wand of iceblast (5)
 B - a wand of flame (36)
 E - a wand of paralysis (8)
 J - a wand of digging (34)
 L - a wand of polymorph (13)
 U - a wand of charming (6)
Scrolls
 d - 2 scrolls of enchant armour
 m - 2 scrolls of torment
 n - 4 scrolls of noise
 v - 2 scrolls of fog
 D - a scroll of holy word
 O - 3 scrolls of magic mapping
 Q - 5 scrolls of identify
 R - 3 scrolls of fear
 Z - a scroll of enchant weapon {unknown}
Potions
 f - a potion of degeneration
 i - 3 potions of mutation
 l - 3 potions of curing
 u - 7 potions of lignification
 H - a potion of magic
 I - a potion of brilliance
 K - 3 potions of flight
Miscellaneous
 y - a box of beasts


   Skills:
 + Level 14.4 Fighting
 + Level 15.2 Axes
 + Level 13.2 Armour
 + Level 13.2 Shields
 + Level 15.0 Invocations


You had 13 spell levels left.
You didn't know any spells.
Your spell library contained the following spells:

 Spells                   Type           Power      Damage    Failure   Level
 Animate Skeleton         Necr           0%         N/A       97%         1
 Foxfire                  Conj/Fire      0%         2x1d4     97%         1
 Magic Dart               Conj           0%         1d3       97%         1
 Pain                     Necr           0%         1d4       97%         1
 Shock                    Conj/Air       0%         1d3       97%         1
 Ensorcelled Hibernation  Hex/Ice        0%         N/A       99%         2
 Passwall                 Tmut/Erth      0%         N/A       99%         2
 Searing Ray              Conj           0%         2d4       99%         2
 Conjure Flame            Conj/Fire      0%         6-21      100%        3
 Inner Flame              Hex/Fire       0%         N/A       100%        3
 Ozocubu's Armour         Ice            0%         N/A       100%        3
 Portal Projectile        Hex/Tloc       0%         N/A       100%        3
 Spider Form              Tmut/Pois      0%         N/A       100%        3
 Swiftness                Air            0%         N/A       100%        3
 Vampiric Draining        Necr           0%         2d6       100%        3
 Flame Wave               Conj/Fire      0%         2d4       100%        4
 Fulminant Prism          Conj/Hex       0%         3d6       100%        4
 Iskenderun's Mystic Bla  Conj/Tloc      0%         2d3       100%        4
 Blade Hands              Tmut           0%         N/A       100%        5
 Excruciating Wounds      Necr           0%         N/A       100%        5
 Lee's Rapid Deconstruct  Erth           0%         3d5*      100%        5
 Metabolic Englaciation   Hex/Ice        0%         N/A       100%        5
 Simulacrum               Ice/Necr       0%         N/A       100%        6


Dungeon Overview and Level Annotations

Branches:
Dungeon (11/15)            Temple (0/1) D:7            Lair (6/6) D:8
 Shoals (0/4) Lair:3        Snake (1/4) Lair:4        Slime (0/5) Lair:5
    Orc (2/2) D:10            Elf (0/3) Orc:2

Altars:
Fedhas
Hepliaklqana
Xom
Beogh
Jiyva

Shops:
D:1 [   Orc:1 :   Orc:2 :=*[

Annotations:
D:5 2 transporters, Icepheonix32's ghost, weakling SpDe
Lair:2 exclusion: oklob plant
Snake:1 3 runed translucent doors, Gregoryblaze's ghost, adept GrEE
Orc:1 2 transporters, Icepheonix32's ghost, journeyman DsFi


Message History

Your orc knight hits the naga sharpshooter with a +0 short sword!!
The naga sharpshooter shoots a bolt.
The bolt hits your orc knight!!
Gregoryblaze's ghost threatens, "I'm fresh out of hellfire, but you will end anyway."
The naga sharpshooter mumbles some strange words.
The naga sharpshooter magically shoots an arrow.
The arrow hits you! The arrow freezes you.
Your orc knight hits the naga sharpshooter with a +1 hand axe of draining!!
The naga sharpshooter dies!
Beogh accepts your kill.
Your orc knight looks more experienced.
The naga sharpshooter gestures wildly while chanting.
The naga sharpshooter magically shoots a bolt.
The bolt hits you!
You feel sick.
The naga sharpshooter gestures wildly while chanting.
The naga sharpshooter magically shoots a bolt.
The bolt hits you!
Your orc knight hits the naga with a +0 short sword!!
The naga dies!
Beogh accepts your kill.
Aiming: Smiting
Press: ? - help, Dir - move target, f - naga sharpshooter Smite: a naga sharpshooter, wielding a +2 shortbow of freezing, wearing a +0 robe and quivering arrows You smite the naga sharpshooter!!
The naga sharpshooter is moderately wounded.
You feel sick.
Your orc knight closely misses the naga sharpshooter.
The naga sharpshooter shoots a bolt.
The bolt hits you!!
* * * LOW HITPOINT WARNING * * *
The naga sharpshooter casts a spell.
The naga sharpshooter magically shoots an arrow.
The arrow hits you!
* * * LOW HITPOINT WARNING * * *
The arrow freezes you.
* * * LOW HITPOINT WARNING * * *
Your orc knight hits the naga sharpshooter with a +1 hand axe of draining!!
The naga sharpshooter spits poison at you.
The splash of poison hits your orc knight.
The naga sharpshooter shoots an arrow.
The arrow hits you!
You die...

.
#.................
#.
##....#######......
#.# ##.....#$.. ..
#.###......#...
#.#.......+.(.
##........+...
##.........+..$.
#...)..)...#W..
#.......@...#...
#...)o........####
....o..)..........
...No.............
.....N............
..................
....."...........
...............


You could see 2 naga sharpshooters, Gregoryblaze's ghost and 3 friendly orc
knights.

Vanquished Creatures
  Rupert (Lair:5)
  An orc warlord (Orc:2)
  Fannar (Lair:2)
  2 ogre magi
  A catoblepas (Lair:6)
  A boulder beetle (D:10)
  5 hydras
  2 two-headed ogres
  5 death yaks
  An orc high priest (Orc:2)
  3 orc knights
  3 oklob plants
  2 orc sorcerers (Orc:1)
  6 black mambas
  Maurice (Orc:2)
  2 torpor snails
  16 cane toads
  A naga mage (Snake:1)
  2 rime drakes
  5 komodo dragons
  5 polar bears (Lair:6)
  2 trolls
  7 hornets
  5 blink frogs (Lair:5)
  16 dream sheep
  10 spriggans (Lair:6)
  7 wyverns
  45 yaks
  3 basilisks
  2 steam dragons
  19 water moccasins
  5 wargs
  An acid dragon (D:9)
  A floating eye (Orc:1)
  A hornet zombie (D:6)
  15 orc warriors
  2 ogres (Orc:2)
  A necrophage (D:6)
  20 wolves
  4 boggarts (Lair:6)
  2 centaurs
  A kobold brigand (D:7)
  A phantom (D:6)
  Blork the orc (D:6)
  3 scorpions
  14 bullfrogs
  A gnoll sergeant (D:8)
  A water moccasin zombie (D:6)
  8 wights
  4 killer bees (D:7)
  6 howler monkeys
  An electric eel (D:6)
  A centaur zombie (D:6)
  11 orc priests
  11 jellies
  2 centaur skeletons
  A gnoll shaman (Orc:2)
  A hound (D:5)
  Crazy Yiuf (D:6)
  A bullfrog skeleton (D:4)
  Terence (D:3)
  A scorpion zombie (D:5)
  5 iguanas
  13 orc wizards
  A howler monkey zombie (D:9)
  10 gnolls
  8 adders
  A howler monkey skeleton (D:6)
  A shadow imp (D:6)
  A white imp (D:6)
  An ufetubus (D:6)
  2 worms
  A dart slug (D:1)
  40 orcs
  12 ball pythons
  22 endoplasms
  2 giant cockroaches
  10 goblins
  12 hobgoblins
  11 jackals
  4 quokkas
  17 bats
  10 frilled lizards
  12 kobolds
  9 rats
511 creatures vanquished.

Vanquished Creatures (collateral kills)
  The ghost of Lobster4 the Tortoise, a journeyman HOFi of Makhleb (Lair:6)
  The ghost of pkoi the Zephyrmancer, a journeyman OpAE of Hepliaklqana (Lair:4)
  2 hydras (Lair:6)
  2 anacondas (Snake:1)
  Erica (Lair:1)
  A dancing weapon (Lair:4)
  4 death yaks (Lair:6)
  Urug (Orc:1)
  A naga sharpshooter (Snake:1)
  Sonja (Lair:1)
  A mana viper (Snake:1)
  2 black mambas
  A cane toad (Lair:1)
  A komodo dragon (Lair:6)
  3 polar bears (Lair:6)
  A spriggan (Lair:6)
  A wyvern (Lair:6)
  2 yaks (Lair:6)
  A warg (Orc:2)
  A naga (Snake:1)
  A water moccasin (Lair:1)
  5 orc warriors
  A black bear (Lair:6)
  3 ogres (Orc:2)
  A boggart (Lair:6)
  4 wolves (Lair:6)
  5 orc priests (Orc:2)
  An orc wizard (Orc:2)
  7 orcs (Orc:2)
57 creatures vanquished.

Vanquished Creatures (others)
  An orc knight (Lair:6)
  9 orc warriors
  A yak (Lair:6)
  A killer bee (D:7)
  6 orc priests
  4 orc wizards (Orc:2)
  34 orcs
  A kobold (D:7)
  A bush (D:8)
  29 fungi
  64 plants
151 creatures vanquished.

Grand Total: 719 creatures vanquished

Notes
Turn   | Place    | Note
-------+----------+-------------------------------------------
     0 | D:1      | croobank the Hill Orc Fighter began the quest for the Orb.
     0 | D:1      | Reached XP level 1. HP: 19/19 MP: 1/1
   158 | D:1      | Reached XP level 2. HP: 27/27 MP: 2/2
   246 | D:1      | Reached skill level 1 in Invocations
   469 | D:1      | Reached XP level 3. HP: 33/33 MP: 3/3
   980 | D:1      | Found Oplukloh's Armour Shop.
  1612 | D:2      | Reached XP level 4. HP: 15/40 MP: 5/5
  2723 | D:3      | Reached XP level 5. HP: 47/47 MP: 6/6
  2872 | D:3      | Noticed Terence
  2892 | D:3      | Killed Terence
  3421 | D:4      | Got the Guide on Venom and Arcane Weapons
  3743 | D:4      | Reached XP level 6. HP: 55/55 MP: 8/8
  4165 | D:5      | Entered Level 5 of the Dungeon
  4179 | D:5      | Found a transporter.
  4179 | D:5      | Noticed Icepheonix32's ghost (weakling SpDe)
  4189 | D:5      | Found a transporter.
  4230 | D:5      | Reached skill level 5 in Fighting
  4581 | D:5      | Noticed a water moccasin
  4586 | D:5      | Killed a water moccasin
  4587 | D:5      | Reached XP level 7. HP: 53/61 MP: 9/9
  4599 | D:5      | Reached skill level 5 in Axes
  4956 | D:5      | Reached skill level 5 in Armour
  4956 | D:5      | Reached skill level 5 in Shields
  5469 | D:6      | Reached XP level 8. HP: 54/70 MP: 11/11
  5569 | D:6      | Reached skill level 5 in Invocations
  6123 | D:6      | Noticed Blork the orc
  6134 | D:6      | Killed Blork the orc
  6616 | D:6      | Found a runed translucent door.
  6617 | D:6      | Noticed Crazy Yiuf
  6623 | D:6      | Killed Crazy Yiuf
  6739 | D:7      | Reached XP level 9. HP: 76/79 MP: 13/13
  6748 | D:7      | Became a worshipper of Beogh the Brigand
  6780 | D:7      | Noticed a hornet
  6781 | D:7      | Found a staircase to the Ecumenical Temple.
  6790 | D:7      | Paralysed by a hornet for 1 turns
  6794 | D:7      | Paralysed by a hornet for 2 turns
  6801 | D:7      | Killed a hornet
  7952 | D:7      | Found a hazy altar of Hepliaklqana.
  8070 | D:8      | Found a staircase to the Lair.
  8332 | D:8      | Reached * piety under Beogh
  8333 | D:8      | Reached XP level 10. HP: 86/89 MP: 5/15
 10616 | D:10     | Entered Level 10 of the Dungeon
 10850 | D:10     | Reached ** piety under Beogh
 10921 | D:10     | Noticed a two-headed ogre
 10931 | D:10     | Killed a two-headed ogre
 10967 | D:10     | Noticed a boulder beetle
 10991 | D:10     | Killed a boulder beetle
 10992 | D:10     | Reached skill level 10 in Axes
 10992 | D:10     | Reached XP level 11. HP: 23/99 MP: 6/18
 11447 | D:10     | Found a roughly hewn altar of Beogh.
 11456 | D:10     | Found a staircase to the Orcish Mines.
 11728 | D:11     | Reached skill level 10 in Fighting
 11865 | Orc:1    | Entered Level 1 of the Orcish Mines
 11938 | Orc:1    | Reached skill level 10 in Invocations
 11945 | Orc:1    | Noticed Icepheonix32's ghost (journeyman DsFi)
 11986 | Orc:1    | Found a transporter.
 11998 | Orc:1    | Found a transporter.
 12993 | Lair:1   | Entered Level 1 of the Lair of Beasts
 13098 | Lair:1   | Noticed a death yak
 13110 | Lair:1   | Killed a death yak
 13114 | Lair:1   | Noticed a death yak
 13114 | Lair:1   | Noticed a death yak
 13118 | Lair:1   | Noticed a death yak
 13127 | Lair:1   | Killed a death yak
 13132 | Lair:1   | Killed a death yak
 13134 | Lair:1   | Killed a death yak
 13821 | Lair:1   | Reached skill level 10 in Shields
 13821 | Lair:1   | Reached XP level 12. HP: 75/108 MP: 20/20
 14032 | Lair:1   | Reached skill level 10 in Armour
 14519 | Lair:1   | Noticed a seven-headed hydra
 14520 | Lair:1   | Identified the amulet of the Skies Above {Drain +Blink
                  | rN+++ Regen+ rCorr Str-3}
 14520 | Lair:1   | Noticed Sonja
 14524 | Lair:1   | Noticed Erica
 14526 | Lair:1   | Killed Erica
 14532 | Lair:1   | Killed Sonja
 14540 | Lair:1   | Killed a five-headed hydra
 14782 | Lair:1   | Noticed a five-headed hydra
 14794 | Lair:1   | Killed a two-headed hydra
 15495 | Lair:2   | Reached *** piety under Beogh
 15834 | Lair:2   | Noticed Fannar
 16001 | Lair:2   | Killed Fannar
 16646 | Lair:3   | Noticed a five-headed hydra
 16656 | Lair:3   | Killed a one-headed hydra
 16893 | Lair:3   | Found a staircase to the Shoals.
 16920 | Lair:3   | Reached XP level 13. HP: 100/118 MP: 22/22
 17077 | Lair:3   | You fall into a shaft and drop 3 floors!
 17077 | Lair:6   | Entered Level 6 of the Lair of Beasts
 17195 | Lair:4   | Found a runed translucent door.
 17196 | Lair:4   | Found a shimmering altar of Xom.
 17196 | Lair:4   | Noticed pkoi's ghost (journeyman OpAE)
 17467 | Lair:3   | Found a blossoming altar of Fedhas.
 17479 | Lair:3   | Reached **** piety under Beogh
 18101 | Lair:4   | Found a staircase to the Snake Pit.
 18923 | Lair:5   | Identified the +0 robe of the Shining Light {MP+9}
 19253 | Lair:5   | Noticed Rupert
 19265 | Lair:5   | Killed Rupert
 19651 | Lair:5   | Found a viscous altar of Jiyva.
 19651 | Lair:5   | Found a staircase to the Slime Pits.
 19798 | Lair:6   | Found a runed translucent gate.
 19798 | Lair:6   | Found a runed translucent gate.
 19798 | Lair:6   | Found a runed translucent gate.
 19800 | Lair:6   | Noticed Lobster4's ghost (journeyman HOFi)
 19894 | Lair:6   | Reached XP level 14. HP: 66/129 MP: 24/24
 20284 | Lair:6   | Reached ***** piety under Beogh
 20477 | Orc:2    | Entered Level 2 of the Orcish Mines
 20477 | Orc:2    | Found a staircase to the Elven Halls.
 20489 | Orc:2    | Gained Wardok as an ally
 20550 | Orc:2    | Noticed Maurice
 20594 | Orc:2    | Killed Maurice
 20751 | Orc:2    | Found a roughly hewn altar of Beogh.
 20835 | Orc:2    | Noticed an orc warlord
 20844 | Orc:2    | Your ally Wardok died
 21197 | Orc:2    | Found Vouz Veethrewn's Antique Weapon Shop.
 21197 | Orc:2    | Found a roughly hewn altar of Beogh.
 21200 | Orc:2    | Found Zahosenn's Antique Armour Boutique.
 21209 | Orc:2    | Bought a glowing plate armour for 728 gold pieces
 21382 | Orc:2    | Found a roughly hewn altar of Beogh.
 21383 | Orc:2    | Found Heshrif's Jewellery Shop.
 21465 | Orc:2    | Found a roughly hewn altar of Beogh.
 21468 | Orc:2    | Found Xiwkue's Assorted Antiques.
 21618 | Orc:2    | Found a roughly hewn altar of Beogh.
 21639 | Orc:2    | Found a roughly hewn altar of Beogh.
 21679 | Orc:2    | Gained Bogbarth as an ally
 21692 | Orc:2    | Found Dataagu's Book Shop.
 21966 | Orc:1    | Noticed Urug
 21977 | Orc:1    | Killed Urug
 22587 | Lair:6   | Gained Morun as an ally
 22768 | Lair:6   | Reached skill level 15 in Axes
 22769 | Lair:6   | Your ally Bogbarth died
 22772 | Lair:6   | Your ally Morun died
 23481 | Lair:6   | Killed Lobster4's ghost
 23488 | Lair:6   | Identified the +0 chain mail of Ekhal {rN++}
 23584 | Lair:4   | Killed pkoi's ghost
 23917 | Snake:1  | Entered Level 1 of the Snake Pit
 23957 | Snake:1  | Found a runed translucent gate.
 23958 | Snake:1  | Found a runed translucent gate.
 23959 | Snake:1  | Found a runed translucent gate.
 23963 | Snake:1  | Reached skill level 15 in Invocations
 24085 | Snake:1  | Noticed Gregoryblaze's ghost (adept GrEE)
 24099 | Snake:1  | HP: 6/133 [naga sharpshooter/arrow (15)]
 24099 | Snake:1  | Shot with an arrow by a naga sharpshooter

Illustrated notes

Levels and vault maps discovered:
D:1:      wander_arrival_abandoned_jail, layout_loops_ring, serial_shops,
          nicolae_square_shop, minmay_tromino_i2
D:2:      layout_loops_corners, minmay_joined_circles
D:3:      layout_rooms, minmay_randomly_rotated_circles, uniq_terence
D:4:      layout_rooms, kennysheep_nondescript, minmay_misc_feat_nine_boxes,
          minmay_unequal
D:5:      layout_basic, gammafunk_ghost_mausoleum, dk_noncrumbling_4,
          kennysheep_generic_room_5
D:6:      layout_cave_pools, water_boxes_lemuel, uniq_crazy_yiuf_cottage,
          uniq_blork_the_orc
D:7:      layout_rooms, lemuel_doored_altar, minmay_temple_entry_proselytizer
D:8:      layout_loops_cross, minmay_lair_entry_grove
D:9:      layout_basic, kennysheep_nub
D:10:     layout_cross, david_orc_5, nzn_sisyphean_effort
D:11:     layout_long_grid, gammafunk_ghost_hive
Lair:1:   layout_cave_pods, minivault_24, minivault_27, grunt_megastairs_3,
          uniq_sonja, uniq_erica
Lair:2:   layout_cave_pods, uniq_fannar
Lair:3:   layout_cave_pods, minmay_shoals_entry_centaurs,
          nicolae_quartered_pool_little, st_stairs_6, roderic_batcave,
          hangedman_tree_tricks, eino_small_chamber_without_monster
Lair:4:   lemuel_slime, layout_regular_city, dummy_snake_entry,
          ebering_ghost_xom, lemuel_fruit_fields, serial_bayou_shore_b
Lair:5:   layout_cave_pods, dpeg_slime_entry_enclosed_altar,
          gauntlet_entry_generic, serial_bayou_shore_b, lemuel_fruit_fields,
          lemuel_fruit_tree, uniq_rupert
Lair:6:   minmay_lair_end_enchanted_forest, layout_cave_shapes,
          ebering_ghost_rock_garden, serial_bayou_shore_b
Snake:1:  layout_layer_cave, ebering_ghost_rock_garden, abandoned_shop,
          corexii_hall_statues_t, minmay_shop_grove
Orc:1:    hellmonk_paralyzer, layout_caves, gammafunk_ghost_arena, uniq_urug
Orc:2:    grunt_orc_community_town_hall, layout_caves,
          grunt_orc_community_big_house_2, grunt_orc_community_big_house_1,
          grunt_orc_community_house_2, grunt_orc_community_house_2,
          grunt_orc_community_house_1, grunt_orc_community_house_1,
          serial_shops, nicolae_shop_hallway_stairs, uniq_maurice

Skill      XL: |  1  2  3  4  5  6  7  8  9 10 11 12 13 14 |
---------------+-------------------------------------------+-----
Axes           | 3 4 5 6 8 10 11 12 14 15 | 15.2
Invocations    | 1 2 3 4 6 7 9 11 12 13 15 | 15.0
Fighting       | 4 5 6 7 8 9 10 12 13 14 | 14.4
Armour         | 4 5 6 7 8 9 11 12 13 | 13.2
Shields        | 4 5 6 7 8 10 11 12 13 | 13.2

Action                   |  1- 3 |  4- 6 |  7- 9 | 10-12 | 13-15 || total
-------------------------+-------+-------+-------+-------+-------++-------
Melee: War axe           |   121 |   212 |   218 |   183 |       ||   734
       Battleaxe         |       |       |       |   205 |   490 ||   695
       Scimitar          |       |       |       |    22 |    14 ||    36
       Quarterstaff      |       |       |       |    15 |       ||    15
 Fire: Hand crossbow     |       |     9 |    18 |   116 |    74 ||   217
Throw: Dart              |       |     1 |       |     6 |    13 ||    20
Invok: Convert to Beogh  |       |       |     1 |       |       ||     1
       Smiting           |       |       |       |     3 |    20 ||    23
       Recall Orcish Fol |       |       |       |       |     3 ||     3
Evoke: Wand              |       |       |       |     6 |     1 ||     7
  Use: Scroll            |     1 |     5 |    10 |     6 |     3 ||    25
       Potion            |     1 |     4 |    12 |     2 |     6 ||    25
 Stab: Petrified         |       |       |       |     2 |     5 ||     7
       Petrifying        |       |       |       |       |     3 ||     3
       Distracted        |       |       |       |       |     2 ||     2
Armor: Scale mail        |    58 |    86 |       |       |       ||   144
       Chain mail        |       |    32 |    58 |       |       ||    90
       Plate armour      |       |       |    66 |   301 |   429 ||   796
       Skin              |       |       |    30 |       |       ||    30
Dodge: Dodged            |    72 |   108 |    97 |   167 |   213 ||   657
Block: Buckler           |    35 |    53 |    52 |    49 |       ||   189
